SAAA
PLYMOUTH ROCKS @ ALASKAN HUMPBACKS
07/30/2041
 
TOP OF THE 1ST
Plymouth Rocks batting - Pitching for Alaskan Humpbacks : RHP Javier Montés
Pitching: RHP Javier Montés
Batting: RHB Yong-hong Ren 0-0: Ground out 5-3 (Groundball, 5, EV 83.1 MPH)
Batting: RHB Tony Randolph 0-0: Ball
1-0: Ball
2-0: Ball
3-0: Called Strike
3-1: Base on Balls
Batting: LHB Tillmam Cru 0-0: Ball
1-0: Ball
2-0: Called Strike
2-1: Swinging Strike
2-2: Foul Ball, location: 2F
2-2: Foul Ball, location: 2F
2-2: SINGLE (Line Drive, 4D, EV 104.4 MPH)
Tony Randolph to second
Batting: RHB Elias den Blick 0-0: Ball
1-0: Ball
Wild Pitch!
Tony Randolph to third
Tillmam Cru to second
2-0: Called Strike
2-1: Foul Ball, location: 2F
2-2: Ball
3-2: Fly out, F4 (Popup, 4S, EV 78.8 MPH)
Batting: LHB Jon Ellender 0-0: Foul Ball, location: 2F
0-1: Ball
1-1: Ball
2-1: Ball
3-1: Base on Balls
Batting: RHB Miguel Contreras 0-0: Ball
1-0: Fielders Choice at 2nd, 5-4 (Groundball, 5, EV 108.1 MPH)
Top of the 1st over - 0 runs, 1 hit, 0 errors, 3 left on base; Plymouth 0 - Alaskan 0
BOTTOM OF THE 1ST
Alaskan Humpbacks batting - Pitching for Plymouth Rocks : RHP Shem Burkholder
Pitching: RHP Shem Burkholder
Batting: RHB Abel Risinger 0-0: Ball
1-0: Ball
2-0: Ball
3-0: Base on Balls
Batting: RHB Wally Briggs 0-0: Ball
1-0: Ball
2-0: Ball
3-0: Called Strike
3-1: Base on Balls
Abel Risinger to second
Batting: LHB Quincy Wass 0-0: Called Strike
0-1: DOUBLE (Line Drive, 89D, EV 106.2 MPH)
Abel Risinger scores
Wally Briggs to third
Batting: LHB Carlos Castro 0-0: Ball
1-0: Called Strike
1-1: Ball
2-1: Swinging Strike
2-2: Ball
3-2: Base on Balls
Batting: RHB Bobby Butterfield 0-0: Ball
1-0: GRAND SLAM HOME RUN (Line Drive, 7LD, EV 108.1 MPH), Distance : 356 ft
Batting: RHB António Etxebarria 0-0: Called Strike
0-1: Foul Ball, location: 2F
0-2: Ball
1-2: Ball
2-2: Ball
3-2: Base on Balls
Batting: RHB Marcos Luna 0-0: Called Strike
0-1: Ball
1-1: Foul Ball, location: 2F
1-2: Foul Ball, location: 2F
1-2: Foul Ball, location: 2F
1-2: SINGLE (Groundball, 4M, EV 101.9 MPH) (infield hit)
António Etxebarria to second
Batting: RHB Justin Forbes 0-0: TRIPLE (Line Drive, 89XD, EV 103.1 MPH)
António Etxebarria scores
Marcos Luna scores
Pitching: RHP Jesús Fernández
Batting: RHB Scott Velthuizen 0-0: Ball
1-0: Ball
2-0: Foul Ball, location: 2F
2-1: Swinging Strike
2-2: 2-RUN HOME RUN (Flyball, 7LD, EV 96.2 MPH), Distance : 339 ft
Batting: RHB Abel Risinger 0-0: Ball
1-0: Ball
2-0: Ball
3-0: Base on Balls
Batting: RHB Wally Briggs 0-0: Ball
1-0: Ball
2-0: Ball
3-0: Base on Balls
Abel Risinger to second
Batting: LHB Quincy Wass 0-0: Ball
1-0: Ball
2-0: Called Strike
2-1: Ball
3-1: Base on Balls
Abel Risinger to third
Wally Briggs to second
Batting: LHB Carlos Castro 0-0: Foul Ball, location: 2F
0-1: Ball
1-1: Called Strike
1-2: Ball
2-2: Strikes out swinging
Batting: RHB Bobby Butterfield 0-0: Ball
1-0: Ball
2-0: Called Strike
2-1: SINGLE (Flyball, 89M, EV 93.8 MPH)
Abel Risinger scores
Wally Briggs to third
Quincy Wass to second
Runner from 3rd tries for Home, SAFE, throw by CF to home
Batting: RHB António Etxebarria 0-0: Swinging Strike
0-1: Fly out, F7 (Flyball, 7, EV 98.1 MPH)
Batting: RHB Marcos Luna 0-0: Foul Ball, location: 2F
0-1: Fly out, F8 (Flyball, 8LM, EV 87.5 MPH)
Bottom of the 1st over - 11 runs, 6 hits, 0 errors, 2 left on base; Plymouth 0 - Alaskan 11
TOP OF THE 2ND
Plymouth Rocks batting - Pitching for Alaskan Humpbacks : RHP Javier Montés
Batting: RHB Curt Taylor 0-0: Called Strike
0-1: Ball
1-1: SINGLE (Flyball, 7S, EV 88.8 MPH)
Batting: RHB António Avery 0-0: Ball
1-0: Foul Ball, location: 2F
1-1: Ball
2-1: SINGLE (Groundball, 4D, EV 103.1 MPH)
Curt Taylor to second
Batting: LHB Dae-ik Park 0-0: Foul Ball, location: 2F
0-1: Ball
1-1: Ball
2-1: Swinging Strike
2-2: Ball
3-2: Base on Balls
Curt Taylor to third
António Avery to second
Batting: RHB Yong-hong Ren 0-0: Ball
1-0: Fly out, F8 (Flyball, 8LS, EV 78.8 MPH)
Batting: RHB Tony Randolph 0-0: Ball
1-0: Called Strike
1-1: DOUBLE (Flyball, 78XD, EV 116.2 MPH)
Curt Taylor scores
António Avery scores
Dae-ik Park to third
Batting: LHB Tillmam Cru 0-0: Called Strike
0-1: Ball
1-1: Ball
2-1: SINGLE (Line Drive, 9S, EV 106.2 MPH)
Dae-ik Park scores
Tony Randolph to third
Batting: RHB Elias den Blick 0-0: Ball
1-0: Called Strike
1-1: Ball
2-1: Swinging Strike
2-2: DOUBLE (Line Drive, 89D, EV 105.0 MPH)
Tony Randolph scores
Tillmam Cru to third
Runner from 3rd tries for Home, SAFE, no throw by RF
Batting: LHB Jon Ellender 0-0: Called Strike
0-1: Swinging Strike
0-2: Strikes out swinging
Batting: RHB Miguel Contreras 0-0: Called Strike
0-1: Ground out 5-3 (Groundball, 56S, EV 83.1 MPH)
Top of the 2nd over - 5 runs, 5 hits, 0 errors, 1 left on base; Plymouth 5 - Alaskan 11
BOTTOM OF THE 2ND
Alaskan Humpbacks batting - Pitching for Plymouth Rocks : RHP Jesús Fernández
Batting: RHB Justin Forbes 0-0: Called Strike
0-1: Called Strike
0-2: Ball
1-2: Ball
2-2: Foul Ball, location: 2F
2-2: SOLO HOME RUN (Flyball, 8RXD, EV 99.4 MPH), Distance : 459 ft
Batting: RHB Scott Velthuizen 0-0: Foul Ball, location: 2F
0-1: Ball
1-1: Ball
2-1: Ground out 5-3 (Groundball, 56, EV 80.6 MPH)
Batting: RHB Abel Risinger 0-0: Ball
1-0: Called Strike
1-1: Foul Ball, location: 2F
1-2: Ball
2-2: Ground out 5-3 (Groundball, 5, EV 106.9 MPH)
Batting: RHB Wally Briggs 0-0: Ball
1-0: Fly out, F8 (Flyball, 8LM, EV 95.0 MPH)
Bottom of the 2nd over - 1 run, 1 hit, 0 errors, 0 left on base; Plymouth 5 - Alaskan 12
TOP OF THE 3RD
Plymouth Rocks batting - Pitching for Alaskan Humpbacks : RHP Javier Montés
Batting: RHB Curt Taylor 0-0: Ball
1-0: Called Strike
1-1: Ball
2-1: Ground out 5-3 (Groundball, 56S, EV 76.2 MPH)
Batting: RHB António Avery 0-0: Foul Ball, location: 2F
0-1: Ball
1-1: Swinging Strike
1-2: Foul Ball, location: 2F
1-2: Foul Ball, location: 2F
1-2: Ground out 4-3 (Groundball, 34, EV 83.8 MPH)
Batting: LHB Dae-ik Park 0-0: Ball
1-0: Ball
2-0: Ground out 6-3 (Groundball, 6, EV 103.8 MPH)
Top of the 3rd over - 0 runs, 0 hits, 0 errors, 0 left on base; Plymouth 5 - Alaskan 12
BOTTOM OF THE 3RD
Alaskan Humpbacks batting - Pitching for Plymouth Rocks : RHP Jesús Fernández
Batting: LHB Quincy Wass 0-0: Ball
1-0: Ball
2-0: Ball
3-0: Called Strike
3-1: Foul Ball, location: 2F
3-2: Ground out 6-3 (Groundball, 6, EV 86.9 MPH)
Batting: LHB Carlos Castro 0-0: Called Strike
0-1: Foul Ball, location: 2F
0-2: Ball
1-2: Foul Ball, location: 2F
1-2: Strikes out swinging
Batting: RHB Bobby Butterfield 0-0: Ball
1-0: Swinging Strike
1-1: SINGLE (Groundball, 6, EV 100.6 MPH) (infield hit)
Batting: RHB António Etxebarria 0-0: Ball
1-0: Called Strike
1-1: Ball
2-1: Ball
3-1: Called Strike
3-2: Fly out, F9 (Flyball, 9S, EV 85.0 MPH)
Bottom of the 3rd over - 0 runs, 1 hit, 0 errors, 1 left on base; Plymouth 5 - Alaskan 12
TOP OF THE 4TH
Plymouth Rocks batting - Pitching for Alaskan Humpbacks : RHP Javier Montés
Batting: RHB Yong-hong Ren 0-0: Ball
1-0: Called Strike
1-1: Ball
2-1: Ground out 4-3 (Groundball, 4, EV 98.8 MPH)
Batting: RHB Tony Randolph 0-0: Ground out U3 (Groundball, 3S, EV 88.8 MPH)
Batting: LHB Tillmam Cru 0-0: Ball
1-0: Ball
2-0: Called Strike
2-1: Called Strike
2-2: Foul Ball, location: 2F
2-2: Ball
3-2: Foul Ball, location: 2F
3-2: Foul Ball, location: 2F
3-2: Fly out, F9 (Flyball, 89S, EV 78.8 MPH)
Top of the 4th over - 0 runs, 0 hits, 0 errors, 0 left on base; Plymouth 5 - Alaskan 12
BOTTOM OF THE 4TH
Alaskan Humpbacks batting - Pitching for Plymouth Rocks : RHP Jesús Fernández
Batting: RHB Marcos Luna 0-0: Called Strike
0-1: Called Strike
0-2: Ball
1-2: Strikes out looking
Batting: RHB Justin Forbes 0-0: Ball
1-0: Ball
2-0: Swinging Strike
2-1: Ball
3-1: Ground out 5-3 (Groundball, 5S, EV 69.4 MPH)
Batting: RHB Scott Velthuizen 0-0: Fly out, F6 (Popup, P, EV 76.2 MPH)
Bottom of the 4th over - 0 runs, 0 hits, 0 errors, 0 left on base; Plymouth 5 - Alaskan 12
TOP OF THE 5TH
Plymouth Rocks batting - Pitching for Alaskan Humpbacks : RHP Javier Montés
Pitching: RHP Kingston Liniak
Batting: RHB Elias den Blick 0-0: Called Strike
0-1: SOLO HOME RUN (Flyball, 7D, EV 99.4 MPH), Distance : 395 ft
Batting: LHB Jon Ellender 0-0: Called Strike
0-1: Called Strike
0-2: Foul Ball, location: 2F
0-2: Ball
1-2: Ball
2-2: Foul Ball, location: 2F
2-2: Foul Ball, location: 2F
2-2: Ball
3-2: Foul Ball, location: 2F
3-2: Foul Ball, location: 2F
3-2: SINGLE (Line Drive, 4MD, EV 108.8 MPH)
Batting: RHB Miguel Contreras 0-0: DOUBLE (Flyball, 89D, EV 101.2 MPH)
Jon Ellender to third
Batting: RHB Curt Taylor 0-0: Called Strike
0-1: Ball
1-1: Called Strike
1-2: Ball
2-2: Foul Ball, location: 2F
2-2: Ball
3-2: Strikes out swinging
Batting: RHB António Avery 0-0: Ball
1-0: Ball
2-0: Fly out, F9 (Flyball, 9LMF, EV 81.2 MPH)
Runner from 3rd tags up, OUT at HOME! 9-2
Top of the 5th over - 1 run, 3 hits, 0 errors, 1 left on base; Plymouth 6 - Alaskan 12
BOTTOM OF THE 5TH
Alaskan Humpbacks batting - Pitching for Plymouth Rocks : RHP Jesús Fernández
Pitching: RHP Roger Edwards
Batting: RHB Abel Risinger 0-0: Called Strike
0-1: Foul Ball, location: 2F
0-2: Ball
1-2: Foul Ball, location: 2F
1-2: Strikes out looking
Batting: RHB Wally Briggs 0-0: Called Strike
0-1: Foul Ball, location: 2F
0-2: Ball
1-2: Foul Ball, location: 2F
1-2: Fly out, F4 (Flyball, 34D, EV 86.2 MPH)
Batting: LHB Quincy Wass 0-0: Ball
1-0: Ball
2-0: Ball
3-0: Base on Balls
Batting: LHB Carlos Castro 0-0: Called Strike
0-1: Foul Ball, location: 2F
0-2: Ball
1-2: Ball
Quincy Wass steals 2nd base (no throw)
2-2: Ball
3-2: Fly out, F8 (Flyball, 8LD, EV 88.8 MPH)
Bottom of the 5th over - 0 runs, 0 hits, 0 errors, 1 left on base; Plymouth 6 - Alaskan 12
TOP OF THE 6TH
Plymouth Rocks batting - Pitching for Alaskan Humpbacks : RHP Kingston Liniak
Batting: LHB Dae-ik Park 0-0: Foul Ball, location: 2F
0-1: Foul Ball, location: 2F
0-2: Foul Ball, location: 2F
0-2: Strikes out swinging
Pitching: RHP Derek May
Batting: RHB Yong-hong Ren 0-0: DOUBLE (Flyball, 78XD, EV 100.6 MPH)
Batting: RHB Tony Randolph 0-0: Foul Ball, location: 2F
0-1: Called Strike
0-2: Strikes out looking
Batting: LHB Tillmam Cru 0-0: Ball
1-0: Ball
2-0: Foul Ball, location: 2F
2-1: Fly out, F9 (Flyball, 9D, EV 97.5 MPH)
Top of the 6th over - 0 runs, 1 hit, 0 errors, 1 left on base; Plymouth 6 - Alaskan 12
BOTTOM OF THE 6TH
Alaskan Humpbacks batting - Pitching for Plymouth Rocks : RHP Roger Edwards
Batting: RHB Bobby Butterfield 0-0: Ball
1-0: Foul Ball, location: 2F
1-1: Called Strike
1-2: Foul Ball, location: 2F
1-2: Ball
2-2: Strikes out swinging
Batting: RHB António Etxebarria 0-0: Ball
1-0: Ball
2-0: Fly out, F8 (Flyball, 8RM, EV 84.4 MPH)
Batting: RHB Marcos Luna 0-0: Called Strike
0-1: Ball
1-1: Swinging Strike
1-2: Ball
2-2: Strikes out swinging
Bottom of the 6th over - 0 runs, 0 hits, 0 errors, 0 left on base; Plymouth 6 - Alaskan 12
TOP OF THE 7TH
Plymouth Rocks batting - Pitching for Alaskan Humpbacks : RHP Derek May
Batting: RHB Elias den Blick 0-0: Called Strike
0-1: Called Strike
0-2: Ball
1-2: Strikes out swinging
Batting: LHB Jon Ellender 0-0: Called Strike
0-1: Foul Ball, location: 2F
0-2: Ball
1-2: Strikes out swinging
Batting: RHB Miguel Contreras 0-0: Foul Ball, location: 2F
0-1: Called Strike
0-2: Ball
1-2: Foul Ball, location: 2F
1-2: Strikes out looking
Top of the 7th over - 0 runs, 0 hits, 0 errors, 0 left on base; Plymouth 6 - Alaskan 12
BOTTOM OF THE 7TH
Alaskan Humpbacks batting - Pitching for Plymouth Rocks : RHP Roger Edwards
Batting: RHB Justin Forbes 0-0: Called Strike
0-1: Ball
1-1: Foul Ball, location: 2F
1-2: Ball
2-2: Foul Ball, location: 2F
2-2: Foul Ball, location: 2F
2-2: Foul Ball, location: 2F
2-2: Foul Ball, location: 2F
2-2: Ground out 1-3 (Groundball, P, EV 85.0 MPH)
Batting: RHB Scott Velthuizen 0-0: Called Strike
0-1: Ball
1-1: SINGLE (Line Drive, 4M, EV 100.6 MPH)
Batting: RHB Abel Risinger 0-0: Fly out, F8 (Flyball, 8RD, EV 100.0 MPH)
Batting: RHB Wally Briggs 0-0: Fly out, F1 (Line Drive, P, EV 75.0 MPH)
Bottom of the 7th over - 0 runs, 1 hit, 0 errors, 1 left on base; Plymouth 6 - Alaskan 12
TOP OF THE 8TH
Plymouth Rocks batting - Pitching for Alaskan Humpbacks : RHP Derek May
Batting: RHB Curt Taylor 0-0: Fly out, F8 (Flyball, 8LXD, EV 105.6 MPH)
Batting: RHB António Avery 0-0: Called Strike
0-1: Ball
1-1: Called Strike
1-2: Foul Ball, location: 2F
1-2: Strikes out looking
Batting: LHB Dae-ik Park 0-0: Ball
1-0: Ball
2-0: Ball
3-0: Base on Balls
Pitching: RHP Job Janssen
Batting: RHB Yong-hong Ren 0-0: Hit by Pitch
Dae-ik Park to second
Batting: RHB Tony Randolph 0-0: Ball
1-0: Ball
2-0: Foul Ball, location: 2F
2-1: Swinging Strike
2-2: Foul Ball, location: 2F
2-2: Foul Ball, location: 2F
2-2: Ball
3-2: SINGLE (Line Drive, 7S, EV 92.5 MPH)
Dae-ik Park to third
Yong-hong Ren to second
Dae-ik Park scores
Yong-hong Ren to third
Batting: LHB Tillmam Cru 0-0: Ball
1-0: Ball
2-0: Foul Ball, location: 2F
2-1: Ball
3-1: Called Strike
3-2: SINGLE (Groundball, 34D, EV 98.1 MPH)
Yong-hong Ren scores
Tony Randolph to second
Tony Randolph to third
Batting: RHB Elias den Blick 0-0: Ball
1-0: SINGLE (Groundball, 4MD, EV 102.5 MPH)
Tony Randolph scores
Tillmam Cru to second
Batting: LHB Jon Ellender 0-0: Ball
1-0: Ball
2-0: Ball
3-0: Called Strike
3-1: Called Strike
3-2: SINGLE (Line Drive, 3D, EV 97.5 MPH)
Tillmam Cru to third
Elias den Blick to second
Tillmam Cru scores
Elias den Blick to third
Pitching: RHP King Kelly
Batting: RHB Miguel Contreras 0-0: Ball
1-0: SINGLE (Groundball, 3S, EV 68.8 MPH) (infield hit)
Elias den Blick scores
Jon Ellender to second
Pinch Runner at 2nd Bill Wilson:
Batting: RHB Curt Taylor 0-0: Ball
1-0: Foul Ball, location: 2F
1-1: Foul Ball, location: 2F
1-2: Strikes out looking
Top of the 8th over - 5 runs, 5 hits, 0 errors, 2 left on base; Plymouth 11 - Alaskan 12
BOTTOM OF THE 8TH
Alaskan Humpbacks batting - Pitching for Plymouth Rocks : RHP Roger Edwards
Batting: LHB Quincy Wass 0-0: Called Strike
0-1: Ball
1-1: Ball
2-1: SINGLE (Groundball, 34S, EV 63.1 MPH) (infield hit)
Batting: LHB Carlos Castro 0-0: Foul Ball, location: 2F
0-1: Ball
1-1: Fly out, F8 (Flyball, 8LS, EV 87.5 MPH)
Batting: RHB Bobby Butterfield 0-0: Called Strike
0-1: Ball
1-1: Ball
2-1: Called Strike
2-2: Ball
3-2: Strikes out looking
Quincy Wass is caught stealing 2nd base 2-4
Batter strikes out.
Bottom of the 8th over - 0 runs, 1 hit, 0 errors, 0 left on base; Plymouth 11 - Alaskan 12
TOP OF THE 9TH
Plymouth Rocks batting - Pitching for Alaskan Humpbacks : RHP King Kelly
Pinch Hitting: RHB Josip Primorac 0-0: Ball
1-0: Called Strike
1-1: Foul Ball, location: 2F
1-2: Fly out, F4 (Flyball, 34D, EV 86.2 MPH)
Batting: LHB Dae-ik Park 0-0: Called Strike
0-1: Fly out, F8 (Flyball, 8RD, EV 86.9 MPH)
Batting: RHB Yong-hong Ren 0-0: Fly out, F8 (Flyball, 8RM, EV 73.8 MPH)
Top of the 9th over - 0 runs, 0 hits, 0 errors, 0 left on base; Plymouth 11 - Alaskan 12
Tuesday, January 5th, 2021 - OOTP Baseball 20.8 Build 74